 Dungeon Crawl Stone Soup version 0.16-a0-4133-g472b14a (webtiles) character file.

167 MrRokkomies the Insei (level 5, -3/25 HPs)
             Began as a Vine Stalker Transmuter on Mar 3, 2015.
             Killed from afar by a sheep (28 damage)
             ... with an exploding inner flame
             ... on level 3 of the Dungeon.
             The game lasted 00:06:27 (2371 turns).

MrRokkomies the Insei (Vine Stalker Transmuter)     Turns: 2371, Time: 00:06:27

Health: -3/25      AC:  6    Str: 14    XL:     5   Next: 48%
Magic:  0/11       EV: 12    Int: 13    God:
Gold:   126        SH:  0    Dex: 14    Spells: 3 memorised, 2 levels left

rFire  . . .     SeeInvis .       - Unarmed
rCold  . . .     Clarity  .     h - +0 leather armour
rNeg   . . .     SustAb   .     (no shield)
rPois  .         Gourm    .     (no helmet)
rElec  .         Spirit   +     (no cloak)
rCorr  .         Warding  .     r - +1 pair of gloves
rMut   .         Stasis   .     l - +0 pair of boots
MR     .....                    (no amulet)
Stlth  +.........               (no ring)
                                (no ring)

@: not resistant to hostile enchantments, very unstealthy
A: fangs 2, regeneration 1, magic shield, antimagic bite, no device heal 3, rot
immunity
a: no special abilities


You were on level 3 of the Dungeon.
You were not hungry.

You visited 1 branch of the dungeon, and saw 3 of its levels.

You collected 126 gold pieces.

Inventory:

Missiles
 b - 47 arrows
 f - 38 stones (quivered)
 y - 14 poisoned arrows
Armour
 h - a +0 leather armour (worn)
 l - a +0 pair of boots (worn)
 r - a +1 pair of gloves (worn)
 s - a +2 ring mail of fire resistance
Jewellery
 x - a +3 ring of protection {unknown}
Scrolls
 m - a scroll of identify
 u - a scroll of fear
Potions
 e - 2 potions of heal wounds {unknown}
 g - a potion of beneficial mutation {unknown}
 i - a potion of restore abilities {unknown}
 k - a potion of agility {unknown}
 n - a potion of curing {unknown}
 o - 3 potions of flight
 p - a potion of haste {unknown}
 t - a potion of lignification {unknown}
 v - a potion of might {unknown}
Books
 d - a book of Changes

   Spells                             Type                      Level
   a - Beastly Appendage              Transmutation                1
   b - Sticks to Snakes               Transmutation                2
   c - Spider Form                    Transmutation/Poison         3
   d - Ice Form                       Ice/Transmutation            4
   e - Blade Hands                    Transmutation                5
Comestibles
 a - 2 bread rations
 c - a beef jerky
 j - 5 fruits
 q - a meat ration
 w - a chunk of flesh


   Skills:
 - Level 0.8 Fighting
 + Level 2.3 Dodging
 * Level 4.7 Unarmed Combat
 - Level 2.1 Spellcasting
 * Level 3.4 Transmutations


You had 2 spell levels left.
You knew the following spells:

 Your Spells              Type           Power        Failure   Level  Hunger
a - Beastly Appendage     Trmt           ##....       10%         1    ##.....
b - Sticks to Snakes      Trmt           ##........   12%         2    ###....
c - Spider Form           Trmt/Pois      #.........   54%         3    ####...


Dungeon Overview and Level Annotations

Branches:
Dungeon (3/15)

Altars:
Qazlal
Xom


Innate Abilities, Weirdness & Mutations

You have extremely sharp teeth.
Your natural rate of healing is unusually fast.
When hurt, damage is shared between your health and your magic reserves.
Your bite disrupts and absorbs the magic of your enemies.
Potions and wands cannot restore your health.
You are immune to rotting.


Message History

The sheep burns! x5
The sheep closely misses you.
The sheep burns! x5
The sheep burns! x5
The sheep burns! x3
The sheep explodes!
The fiery explosion engulfs the goblin.
The goblin dies!
The sheep burns! x2
The sheep barely misses you.
The sheep bellows! x2
The sheep burns! x2
The sheep explodes!
The sheep burns!
The sheep explodes!
The sheep burns!
The sheep explodes!
The fiery explosion engulfs you!
Ouch! That really hurt!
You die...

############# #........Y..#
#.........%.# #...§§.§§§..#
#....§%§§§..# #...§§_§§§§.# .....
#......§.§§§# #.......
#......§§§§@##### #.......
######...........>....# #......)
.............%....%...# #.......
........####..........# #.......
........# #..........# #.......
........## #..........# #).....[
.#####...###..........# #[......
.####.....##..........####.#†####
..........#######.######...#.#


You could see a sheep (inner flame).

Vanquished Creatures
  An iron imp (D:3)
  Natasha (thrice) (D:3)
  A worker ant (D:2)
  4 adders
  A worm (D:3)
  5 orcs
  3 ball pythons
  7 bats
  6 giant cockroaches
  4 hobgoblins
  10 jackals (D:1)
  A kobold (D:3)
  A quokka (D:2)
  2 giant geckos
  2 giant newts (D:1)
  5 goblins
  7 rats
63 creatures vanquished.

Vanquished Creatures (others)
  3 sheep (D:3)
  A goblin (D:3)
4 creatures vanquished.

Grand Total: 67 creatures vanquished

Notes
Turn   | Place    | Note
--------------------------------------------------------------
     0 | D:1      | MrRokkomies, the Vine Stalker Transmuter, began the quest for the Orb.
     0 | D:1      | Reached XP level 1. HP: 9/9 MP: 3/3
    96 | D:1      | Reached XP level 2. HP: 7/14 MP: 5/5
   559 | D:1      | Reached XP level 3. HP: 13/17 MP: 5/7
  1163 | D:2      | Reached skill level 4 in Unarmed Combat
  1163 | D:2      | Reached XP level 4. HP: 19/21 MP: 8/8
  1355 | D:2      | Found a stormy altar of Qazlal.
  1500 | D:2      | Learned a level 2 spell: Sticks to Snakes
  1504 | D:2      | Learned a level 3 spell: Spider Form
  1771 | D:3      | Noticed Natasha
  1797 | D:3      | Killed Natasha
  1810 | D:3      | Reached XP level 5. HP: 25/25 MP: 8/11
  1856 | D:3      | Noticed Natasha
  1891 | D:3      | Killed Natasha
  1956 | D:3      | Noticed Natasha
  1971 | D:3      | Killed Natasha
  2366 | D:3      | Found a shimmering altar of Xom.
  2371 | D:3      | Killed from afar by a sheep

Action                   |  1- 3 |  4- 6 || total
-------------------------+-------+-------++-------
Melee: Unarmed           |   121 |   122 ||   243
 Cast: Beastly Appendage |    11 |     5 ||    16
       Spider Form       |       |     3 ||     3
  Use: Scroll            |     1 |     3 ||     4
  Eat: Chunk             |     1 |     5 ||     6
